[ PARTIDA AOE2 · #485760697 ]
Team RMPortugueses vs Goths
Equipo del jugador · DERR
[ ANÁLISIS DE REPETICIÓN · EXTRAÍDO DE LA PARTIDA GRABADA ]
Feudal
—
Castillos
—
Imperial
—
| APM promedio | 14.1 |
| APM pico | 38 |
| eAPM promedio | 9.3 |
| Aldeanos / militares | 85 / 101 |
Foco
⚔️ 30.6% · 🌾 69.4%
Archer ×48 · Spearman ×43 · Trebuchet (Packed) ×5 · Organ Gun ×4 · Militia ×1
Feudal
—
Castillos
—
Imperial
—
| APM promedio | 28.3 |
| APM pico | 80 |
| eAPM promedio | 17.6 |
| Aldeanos / militares | 137 / 41 |
Foco
⚔️ 23.8% · 🌾 76.2%
Militia ×26 · Skirmisher ×15
Feudal
—
Castillos
—
Imperial
—
| APM promedio | 35.2 |
| APM pico | 71 |
| eAPM promedio | 23.7 |
| Aldeanos / militares | 163 / 133 |
Foco
⚔️ 27.1% · 🌾 72.9%
Knight ×77 · Kipchak ×49 · Unknown (1260) ×15 · Trebuchet (Packed) ×6 · Monk ×1
Feudal
—
Castillos
—
Imperial
—
| APM promedio | 34.1 |
| APM pico | 82 |
| eAPM promedio | 21.6 |
| Aldeanos / militares | 128 / 206 |
Foco
⚔️ 52.0% · 🌾 48.0%
Archer ×200 · Plumed Archer ×6
Feudal
—
Castillos
—
Imperial
—
| APM promedio | 37.0 |
| APM pico | 79 |
| eAPM promedio | 16.5 |
| Aldeanos / militares | 140 / 122 |
Foco
⚔️ 15.3% · 🌾 84.7%
Knight ×102 · Hand Cannoneer ×15 · Monk ×3 · Coustillier ×2
Feudal
—
Castillos
—
Imperial
—
| APM promedio | 16.8 |
| APM pico | 58 |
| eAPM promedio | 13.5 |
| Aldeanos / militares | 117 / 151 |
Foco
⚔️ 20.5% · 🌾 79.5%
Militia ×98 · Spearman ×53 · Unknown (1974) ×8 · Unknown (1944) ×5
Feudal
—
Castillos
—
Imperial
—
| APM promedio | 41.7 |
| APM pico | 73 |
| eAPM promedio | 23.9 |
| Aldeanos / militares | 134 / 61 |
Foco
⚔️ 25.6% · 🌾 74.4%
Knight ×40 · Spearman ×12 · Trebuchet (Packed) ×4 · Mangonel ×3 · Scorpion ×2
Feudal
—
Castillos
—
Imperial
—
| APM promedio | 41.3 |
| APM pico | 278 |
| eAPM promedio | 36.2 |
| Aldeanos / militares | 108 / 82 |
Foco
⚔️ 4.3% · 🌾 95.7%
Knight ×80 · War Wagon ×2
Mapa de la partida
Recursos iniciales + cada clic de construcción. Líneas = muros · curvas = relieve. ◆ oro · ⬟ piedra · ● bayas · ✦ reliquia · ◌ hueco del cierre
Tu base· Abierta — flanco sin cerrar
Base de Jokerface· Abierta — hueco de 11t
Base de BigBæng· Abierta — flanco sin cerrar
Base de moramora48· Abierta — hueco de 11t
Base de qeoz7fukeg6· Abierta — flanco sin cerrar
Base de KAIOSUSHIMASTER· Abierta — hueco de 13t
Base de 人在江湖· Abierta — hueco de 9t
Base de KronosX6104· Abierta — hueco de 8t
Terreno inicial suavizado · ◌ = hueco del cierre detectado · pasá el cursor para detalles
Inputs por minuto
— Razgado12 - - Jokerface
Build order — Razgado12
Primeras 150 de 225 acciones detectadas
| 0:16 | Construir | Town Center |
| 0:32 | Construir | House |
| 3:00 | Crear | Villager (Male) |
| 3:00 | Crear | Villager (Male) |
| 3:01 | Crear | Villager (Male) |
| 3:01 | Crear | Villager (Male) |
| 3:01 | Crear | Villager (Male) |
| 3:22 | Construir | House |
| 4:13 | Crear | Villager (Male) |
| 4:14 | Crear | Villager (Male) |
| 5:17 | Crear | Villager (Male) |
| 5:17 | Crear | Villager (Male) |
| 5:28 | Construir | Lumber Camp |
| 5:55 | Crear | Villager (Male) |
| 5:55 | Crear | Villager (Male) |
| 5:55 | Crear | Villager (Male) |
| 5:55 | Crear | Villager (Male) |
| 6:57 | Crear | Villager (Male) |
| 7:30 | Crear | Villager (Male) |
| 7:31 | Crear | Villager (Male) |
| 8:01 | Construir | House |
| 8:02 | Construir | House |
| 8:23 | Crear | Villager (Male) |
| 8:30 | Crear | Villager (Male) |
| 8:58 | Crear | Villager (Male) |
| 8:58 | Crear | Villager (Male) |
| 8:58 | Crear | Villager (Male) |
| 9:28 | Construir | Mill |
| 9:57 | Construir | Mill |
| 10:33 | Crear | Villager (Male) |
| 10:33 | Crear | Villager (Male) |
| 10:46 | Investigar | Loom |
| 11:52 | Crear | Villager (Male) |
| 11:53 | Crear | Villager (Male) |
| 12:22 | Construir | Mining Camp |
| 12:45 | Investigar | Feudal Age |
| 13:39 | Construir | Barracks |
| 13:42 | Construir | House |
| 13:49 | Crear | Villager (Male) |
| 13:49 | Crear | Villager (Male) |
| 14:56 | Investigar | Double-Bit Axe |
| 15:06 | Crear | Villager (Male) |
| 15:06 | Crear | Villager (Male) |
| 15:16 | Construir | Archery Range |
| 15:22 | Construir | Blacksmith |
| 15:59 | Construir | Archery Range |
| 16:05 | Construir | House |
| 16:07 | Construir | House |
| 16:09 | Construir | House |
| 16:17 | Crear | Archer ×3 |
| 16:33 | Crear | Villager (Male) |
| 16:33 | Crear | Villager (Male) |
| 16:57 | Investigar | Fletching |
| 16:59 | Investigar | Padded Archer Armor |
| 17:05 | Crear | Archer |
| 17:58 | Crear | Archer |
| 17:58 | Crear | Archer |
| 18:04 | Construir | House |
| 18:10 | Crear | Villager (Male) |
| 18:10 | Crear | Villager (Male) |
| 18:13 | Investigar | Horse Collar |
| 19:27 | Construir | Farm |
| 19:29 | Construir | Farm |
| 19:57 | Construir | Farm |
| 21:32 | Investigar | Castle Age |
| 22:03 | Crear | Archer |
| 22:04 | Crear | Archer |
| 22:05 | Crear | Archer |
| 22:05 | Crear | Archer |
| 23:16 | Investigar | Stone Mining |
| 23:17 | Investigar | Gold Mining |
| 24:16 | Construir | Town Center |
| 24:24 | Crear | Villager (Male) |
| 24:24 | Crear | Villager (Male) |
| 24:24 | Crear | Villager (Male) |
| 24:25 | Crear | Villager (Male) |
| 24:53 | Construir | Farm |
| 25:18 | Construir | Castle |
| 25:36 | Construir | Farm |
| 25:39 | Crear | Villager (Male) |
| 25:39 | Crear | Villager (Male) |
| 25:42 | Construir | Farm |
| 25:46 | Crear | Villager (Male) |
| 25:46 | Crear | Villager (Male) |
| 26:12 | Construir | Farm |
| 26:17 | Construir | Farm |
| 26:29 | Crear | Villager (Male) |
| 26:50 | Construir | Farm |
| 26:52 | Construir | Farm |
| 26:55 | Construir | Farm |
| 26:58 | Crear | Villager (Male) |
| 26:58 | Crear | Villager (Male) |
| 26:58 | Crear | Villager (Male) |
| 26:58 | Crear | Villager (Male) |
| 27:01 | Construir | Farm |
| 27:05 | Crear | Organ Gun ×4 |
| 27:38 | Construir | Farm |
| 27:57 | Crear | Villager (Male) ×3 |
| 28:37 | Construir | Farm |
| 28:43 | Investigar | Crossbowman (upgrade) |
| 29:44 | Construir | Mining Camp |
| 29:50 | Investigar | Bodkin Arrow |
| 29:53 | Crear | Archer |
| 29:53 | Crear | Archer |
| 29:53 | Crear | Archer |
| 29:54 | Crear | Archer |
| 29:54 | Crear | Archer |
| 29:54 | Crear | Archer |
| 30:45 | Crear | Archer |
| 30:45 | Crear | Archer |
| 30:45 | Crear | Archer |
| 30:46 | Crear | Archer |
| 30:48 | Investigar | Thumb Ring |
| 30:54 | Crear | Villager (Male) |
| 30:54 | Crear | Villager (Male) |
| 31:01 | Crear | Villager (Male) |
| 31:01 | Crear | Villager (Male) |
| 31:29 | Crear | Villager (Male) |
| 31:29 | Crear | Villager (Male) |
| 31:33 | Crear | Villager (Male) |
| 32:05 | Construir | Farm |
| 32:09 | Construir | Farm |
| 32:16 | Crear | Archer |
| 32:16 | Crear | Archer |
| 32:16 | Crear | Archer |
| 32:36 | Construir | Castle |
| 32:50 | Crear | Archer |
| 32:50 | Crear | Archer |
| 33:12 | Construir | Farm |
| 34:26 | Investigar | Leather Archer Armor |
| 35:03 | Construir | University |
| 35:06 | Crear | Villager (Male) |
| 35:06 | Crear | Villager (Male) |
| 35:06 | Crear | Villager (Male) |
| 35:07 | Crear | Villager (Male) |
| 35:09 | Crear | Villager (Male) |
| 35:09 | Crear | Villager (Male) |
| 35:09 | Crear | Villager (Male) |
| 35:10 | Crear | Villager (Male) |
| 35:26 | Crear | Archer ×15 |
| 35:26 | Crear | Archer |
| 35:38 | Construir | Farm |
| 35:44 | Construir | Farm |
| 36:06 | Construir | Farm |
| 36:31 | Investigar | Bow Saw |
| 36:50 | Construir | Farm |
| 36:54 | Crear | Militia |
| 37:03 | Construir | Farm |
| 37:18 | Investigar | Imperial Age |
| 37:41 | Investigar | Wheelbarrow |
Build order — Jokerface
Primeras 150 de 292 acciones detectadas
| 0:08 | Construir | Town Center |
| 0:20 | Construir | House |
| 2:14 | Construir | Palisade Wall |
| 2:16 | Construir | Palisade Wall |
| 2:19 | Construir | Palisade Wall |
| 2:21 | Construir | Palisade Wall |
| 2:41 | Crear | Villager (Male) |
| 2:41 | Crear | Villager (Male) |
| 2:42 | Crear | Villager (Male) |
| 2:42 | Crear | Villager (Male) |
| 4:35 | Crear | Villager (Male) |
| 4:35 | Crear | Villager (Male) |
| 5:10 | Crear | Villager (Male) |
| 5:11 | Construir | House |
| 5:29 | Crear | Villager (Male) |
| 5:39 | Construir | Lumber Camp |
| 5:49 | Crear | Villager (Male) |
| 6:13 | Crear | Villager (Male) |
| 6:48 | Crear | Villager (Male) |
| 6:57 | Construir | House |
| 7:02 | Crear | Villager (Male) |
| 7:24 | Crear | Villager (Male) |
| 7:36 | Investigar | Loom |
| 7:37 | Investigar | Loom |
| 7:46 | Crear | Villager (Male) |
| 8:09 | Crear | Villager (Male) |
| 8:37 | Crear | Villager (Male) |
| 8:48 | Construir | Mill |
| 8:51 | Crear | Villager (Male) |
| 8:58 | Construir | House |
| 9:04 | Construir | Palisade Wall |
| 9:05 | Construir | Palisade Wall |
| 9:13 | Crear | Villager (Male) |
| 9:52 | Construir | Mining Camp |
| 10:05 | Investigar | Feudal Age |
| 11:11 | Construir | Barracks |
| 11:49 | Crear | Militia |
| 11:49 | Crear | Militia |
| 11:51 | Crear | Militia |
| 11:56 | Construir | House |
| 12:19 | Investigar | Man-at-Arms (upgrade) |
| 12:19 | Crear | Militia |
| 12:19 | Crear | Militia |
| 12:47 | Construir | Watch Tower |
| 12:55 | Crear | Militia |
| 12:57 | Crear | Villager (Male) |
| 12:57 | Crear | Villager (Male) |
| 12:58 | Crear | Villager (Male) |
| 14:09 | Crear | Militia |
| 14:10 | Crear | Militia |
| 14:10 | Crear | Militia |
| 14:11 | Crear | Villager (Male) |
| 14:26 | Construir | Mill |
| 14:42 | Crear | Villager (Male) |
| 15:08 | Construir | House |
| 15:12 | Crear | Villager (Male) |
| 15:14 | Construir | House |
| 15:36 | Construir | Farm |
| 15:37 | Construir | Farm |
| 15:38 | Construir | Farm |
| 15:43 | Crear | Villager (Male) |
| 15:46 | Investigar | Double-Bit Axe |
| 15:57 | Construir | Archery Range |
| 16:10 | Construir | Watch Tower |
| 16:20 | Crear | Militia |
| 16:20 | Crear | Militia |
| 16:22 | Crear | Villager (Male) |
| 16:23 | Crear | Villager (Male) |
| 16:57 | Crear | Skirmisher |
| 16:57 | Crear | Skirmisher |
| 17:19 | Crear | Skirmisher |
| 17:22 | Crear | Villager (Male) |
| 17:22 | Crear | Villager (Male) |
| 17:25 | Construir | House |
| 17:57 | Crear | Skirmisher |
| 17:57 | Crear | Skirmisher |
| 17:58 | Crear | Militia |
| 17:59 | Crear | Militia |
| 18:04 | Crear | Villager (Male) |
| 18:26 | Crear | Militia |
| 19:05 | Crear | Militia |
| 19:05 | Crear | Militia |
| 19:05 | Crear | Militia |
| 19:45 | Crear | Militia |
| 19:45 | Crear | Militia |
| 19:48 | Crear | Villager (Male) |
| 19:49 | Crear | Villager (Male) |
| 20:32 | Construir | Farm |
| 20:33 | Crear | Villager (Male) |
| 20:33 | Crear | Villager (Male) |
| 20:36 | Crear | Militia |
| 20:36 | Crear | Militia |
| 20:49 | Construir | Archery Range |
| 21:02 | Construir | Blacksmith |
| 21:05 | Crear | Villager (Male) |
| 21:05 | Crear | Villager (Male) |
| 21:28 | Crear | Skirmisher |
| 21:29 | Crear | Skirmisher |
| 21:29 | Crear | Skirmisher |
| 21:53 | Crear | Skirmisher |
| 21:57 | Investigar | Fletching |
| 21:57 | Investigar | Fletching |
| 22:21 | Construir | Farm |
| 22:25 | Construir | Farm |
| 22:27 | Investigar | Horse Collar |
| 22:29 | Construir | Farm |
| 22:30 | Construir | Farm |
| 22:31 | Construir | Farm |
| 22:33 | Construir | Farm |
| 22:38 | Crear | Villager (Male) |
| 22:39 | Crear | Villager (Male) |
| 22:41 | Crear | Skirmisher |
| 22:41 | Crear | Skirmisher |
| 23:14 | Crear | Militia |
| 23:16 | Crear | Skirmisher |
| 23:16 | Crear | Skirmisher |
| 23:18 | Construir | House |
| 23:20 | Construir | House |
| 23:44 | Construir | Farm |
| 23:46 | Crear | Villager (Male) |
| 23:46 | Crear | Villager (Male) |
| 24:05 | Crear | Militia |
| 24:05 | Crear | Militia |
| 24:28 | Crear | Militia |
| 24:28 | Crear | Militia |
| 24:30 | Crear | Skirmisher |
| 24:30 | Crear | Skirmisher |
| 24:42 | Crear | Villager (Male) |
| 24:42 | Crear | Villager (Male) |
| 24:43 | Crear | Villager (Male) |
| 25:10 | Construir | House |
| 25:10 | Construir | House |
| 25:11 | Construir | House |
| 25:32 | Construir | Lumber Camp |
| 26:22 | Construir | Mill |
| 26:28 | Construir | Mill |
| 26:56 | Construir | Lumber Camp |
| 28:30 | Construir | Lumber Camp |
| 29:59 | Construir | Town Center |
| 30:13 | Construir | Mill |
| 30:40 | Construir | House |
| 30:41 | Construir | House |
| 30:41 | Construir | House |
| 30:42 | Construir | House |
| 31:10 | Crear | Villager (Male) |
| 31:11 | Crear | Villager (Male) |
| 31:11 | Crear | Villager (Male) |
| 31:16 | Construir | Farm |
| 31:17 | Construir | Farm |
| 31:18 | Construir | Farm |
Build order — BigBæng
Primeras 150 de 513 acciones detectadas
| 0:36 | Construir | Town Center |
| 2:11 | Construir | House |
| 2:13 | Construir | House |
| 3:02 | Crear | Villager (Male) |
| 3:03 | Crear | Villager (Male) |
| 3:03 | Crear | Villager (Male) |
| 3:03 | Crear | Villager (Male) |
| 4:26 | Crear | Villager (Male) |
| 4:59 | Crear | Villager (Male) |
| 5:17 | Crear | Villager (Male) |
| 5:34 | Construir | Lumber Camp |
| 5:50 | Construir | House |
| 5:51 | Construir | House |
| 5:55 | Crear | Villager (Male) |
| 6:04 | Crear | Villager (Male) |
| 6:47 | Crear | Villager (Male) |
| 7:20 | Crear | Villager (Male) |
| 7:35 | Crear | Villager (Male) |
| 8:04 | Crear | Villager (Male) |
| 8:31 | Crear | Villager (Male) |
| 8:31 | Crear | Villager (Male) |
| 9:07 | Crear | Villager (Male) |
| 9:07 | Crear | Villager (Male) |
| 9:08 | Crear | Villager (Male) |
| 9:42 | Construir | Mill |
| 9:53 | Investigar | Loom |
| 10:26 | Construir | Barracks |
| 10:51 | Investigar | Feudal Age |
| 12:47 | Crear | Villager (Male) |
| 12:47 | Crear | Villager (Male) |
| 13:23 | Crear | Villager (Male) |
| 13:37 | Construir | Blacksmith |
| 13:57 | Crear | Villager (Male) |
| 14:05 | Construir | Market |
| 14:37 | Crear | Villager (Male) |
| 14:46 | Construir | House |
| 14:59 | Investigar | Castle Age |
| 15:05 | Construir | House |
| 15:14 | Crear | Villager (Male) |
| 15:14 | Crear | Villager (Male) |
| 15:20 | Crear | Villager (Male) |
| 16:04 | Investigar | Double-Bit Axe |
| 17:05 | Construir | Town Center |
| 17:27 | Construir | Stable |
| 17:51 | Construir | Monastery |
| 18:34 | Crear | Monk |
| 18:39 | Construir | House |
| 18:42 | Crear | Villager (Male) |
| 18:45 | Crear | Villager (Male) |
| 18:54 | Crear | Villager (Male) |
| 19:07 | Construir | Town Center |
| 19:43 | Crear | Villager (Male) |
| 19:45 | Crear | Villager (Male) |
| 19:47 | Crear | Villager (Male) |
| 20:07 | Crear | Villager (Male) |
| 20:28 | Crear | Villager (Male) |
| 20:44 | Crear | Villager (Male) |
| 20:54 | Crear | Villager (Male) |
| 20:55 | Crear | Villager (Male) |
| 21:07 | Construir | Mining Camp |
| 21:08 | Crear | Villager (Male) |
| 21:09 | Crear | Villager (Male) |
| 21:25 | Crear | Villager (Male) |
| 21:30 | Construir | House |
| 21:31 | Construir | House |
| 21:31 | Construir | House |
| 21:31 | Construir | House |
| 21:32 | Construir | House |
| 21:33 | Construir | Stable |
| 21:37 | Crear | Villager (Male) |
| 21:43 | Construir | Mill |
| 21:54 | Crear | Villager (Male) |
| 21:55 | Crear | Villager (Male) |
| 21:55 | Crear | Villager (Male) |
| 21:55 | Crear | Villager (Male) |
| 21:56 | Crear | Villager (Male) |
| 21:57 | Crear | Villager (Male) |
| 21:57 | Crear | Villager (Male) |
| 22:32 | Crear | Villager (Male) |
| 22:33 | Crear | Villager (Male) |
| 22:42 | Investigar | Bloodlines |
| 23:03 | Crear | Villager (Male) |
| 23:05 | Crear | Villager (Male) |
| 23:22 | Crear | Villager (Male) |
| 23:28 | Construir | Town Center |
| 23:31 | Crear | Villager (Male) |
| 23:32 | Crear | Villager (Male) |
| 23:32 | Crear | Villager (Male) |
| 23:45 | Construir | Lumber Camp |
| 23:47 | Crear | Villager (Male) |
| 23:51 | Crear | Knight |
| 23:51 | Crear | Knight |
| 24:08 | Investigar | Forging |
| 24:09 | Crear | Villager (Male) |
| 24:30 | Construir | Mill |
| 24:36 | Construir | Mill |
| 24:38 | Crear | Villager (Male) |
| 24:38 | Crear | Villager (Male) |
| 24:43 | Crear | Villager (Male) |
| 24:53 | Crear | Villager (Male) |
| 24:55 | Crear | Knight |
| 24:55 | Crear | Knight |
| 25:19 | Investigar | Horse Collar |
| 25:24 | Crear | Villager (Male) |
| 25:30 | Crear | Villager (Male) |
| 25:32 | Construir | Farm |
| 25:34 | Construir | Farm |
| 25:41 | Crear | Villager (Male) |
| 25:43 | Construir | Farm |
| 25:47 | Crear | Villager (Male) |
| 25:50 | Crear | Villager (Male) |
| 26:01 | Construir | Farm |
| 26:15 | Crear | Villager (Male) |
| 26:15 | Crear | Villager (Male) |
| 26:15 | Crear | Villager (Male) |
| 26:20 | Construir | House |
| 26:21 | Construir | House |
| 26:21 | Construir | House |
| 26:22 | Construir | House |
| 26:22 | Construir | House |
| 26:26 | Construir | House |
| 26:26 | Construir | House |
| 26:26 | Construir | House |
| 26:26 | Construir | House |
| 26:29 | Construir | Farm |
| 26:30 | Construir | Farm |
| 26:32 | Investigar | Heavy Plow |
| 26:39 | Investigar | Bow Saw |
| 26:51 | Crear | Knight |
| 26:52 | Crear | Knight |
| 26:55 | Construir | Stable |
| 26:56 | Construir | Stable |
| 26:57 | Construir | Stable |
| 27:03 | Construir | Farm |
| 27:07 | Construir | Farm |
| 27:07 | Construir | Farm |
| 27:07 | Construir | Farm |
| 27:08 | Construir | Farm |
| 27:08 | Construir | Farm |
| 27:08 | Construir | Farm |
| 27:08 | Construir | Farm |
| 27:09 | Construir | Farm |
| 27:09 | Construir | Farm |
| 27:13 | Crear | Villager (Male) |
| 27:13 | Crear | Villager (Male) |
| 27:13 | Crear | Villager (Male) |
| 27:14 | Crear | Villager (Male) |
| 27:37 | Investigar | Scale Barding Armor |
| 27:40 | Construir | Farm |
| 27:45 | Construir | Farm |
Build order — moramora48
Primeras 150 de 501 acciones detectadas
| 0:49 | Construir | Town Center |
| 2:53 | Construir | House |
| 3:00 | Crear | Villager (Male) |
| 3:00 | Crear | Villager (Male) |
| 3:01 | Crear | Villager (Male) |
| 3:01 | Crear | Villager (Male) |
| 4:08 | Crear | Villager (Male) |
| 4:09 | Crear | Villager (Male) |
| 4:14 | Crear | Villager (Male) |
| 4:15 | Crear | Villager (Male) |
| 4:35 | Construir | House |
| 5:02 | Crear | Villager (Male) |
| 5:03 | Crear | Villager (Male) |
| 5:03 | Crear | Villager (Male) |
| 5:47 | Crear | Villager (Male) |
| 5:47 | Crear | Villager (Male) |
| 5:47 | Crear | Villager (Male) |
| 5:47 | Crear | Villager (Male) |
| 5:51 | Construir | House |
| 6:07 | Construir | House |
| 6:36 | Crear | Villager (Male) |
| 6:54 | Construir | House |
| 7:38 | Crear | Villager (Male) |
| 7:39 | Crear | Villager (Male) |
| 7:42 | Construir | House |
| 8:00 | Construir | House |
| 8:09 | Crear | Villager (Male) |
| 8:09 | Crear | Villager (Male) |
| 8:49 | Construir | Mill |
| 8:54 | Crear | Villager (Male) |
| 9:09 | Investigar | Loom |
| 9:27 | Crear | Villager (Male) |
| 9:38 | Construir | Lumber Camp |
| 10:08 | Crear | Villager (Male) |
| 10:22 | Investigar | Feudal Age |
| 11:31 | Crear | Villager (Male) |
| 11:31 | Crear | Villager (Male) |
| 11:35 | Construir | House |
| 12:23 | Construir | Barracks |
| 13:11 | Crear | Villager (Male) |
| 13:31 | Crear | Villager (Male) |
| 13:35 | Construir | Archery Range |
| 13:38 | Construir | Archery Range |
| 13:47 | Crear | Villager (Male) |
| 14:30 | Crear | Archer |
| 14:31 | Crear | Archer |
| 14:35 | Construir | House |
| 14:39 | Construir | House |
| 14:40 | Crear | Villager (Male) |
| 14:47 | Construir | Palisade Wall |
| 14:56 | Construir | Palisade Wall |
| 15:03 | Crear | Archer |
| 15:03 | Crear | Archer |
| 15:05 | Crear | Villager (Male) |
| 15:19 | Construir | Mining Camp |
| 15:21 | Crear | Villager (Male) |
| 15:27 | Crear | Archer |
| 15:28 | Crear | Archer |
| 15:56 | Crear | Villager (Male) |
| 16:11 | Crear | Villager (Male) |
| 16:35 | Crear | Villager (Male) |
| 16:42 | Crear | Archer |
| 16:43 | Crear | Archer |
| 16:43 | Crear | Archer |
| 16:54 | Construir | House |
| 17:20 | Crear | Archer |
| 17:21 | Crear | Archer |
| 17:25 | Crear | Villager (Male) |
| 17:45 | Crear | Villager (Male) |
| 17:54 | Crear | Archer |
| 17:54 | Crear | Archer |
| 18:02 | Construir | House |
| 18:03 | Construir | House |
| 18:18 | Crear | Villager (Male) |
| 18:40 | Construir | Blacksmith |
| 18:44 | Crear | Villager (Male) |
| 18:46 | Crear | Archer |
| 18:46 | Crear | Archer |
| 19:44 | Crear | Villager (Male) |
| 19:46 | Investigar | Fletching |
| 20:15 | Crear | Villager (Male) |
| 20:24 | Construir | Market |
| 20:29 | Construir | Archery Range |
| 20:39 | Crear | Villager (Male) |
| 20:54 | Construir | Outpost |
| 20:57 | Investigar | Castle Age |
| 21:16 | Construir | Outpost |
| 22:04 | Construir | Mill |
| 22:20 | Construir | Mining Camp |
| 22:28 | Crear | Archer |
| 22:28 | Crear | Archer |
| 22:28 | Crear | Archer |
| 22:29 | Crear | Archer |
| 22:29 | Crear | Archer |
| 22:40 | Investigar | Gold Mining |
| 22:55 | Construir | Palisade Gate |
| 23:05 | Crear | Archer |
| 23:05 | Crear | Archer |
| 23:05 | Crear | Archer |
| 23:21 | Investigar | Padded Archer Armor |
| 23:43 | Construir | House |
| 24:10 | Investigar | Bodkin Arrow |
| 24:12 | Investigar | Crossbowman (upgrade) |
| 24:18 | Crear | Archer |
| 24:18 | Crear | Archer |
| 24:19 | Crear | Archer |
| 24:40 | Crear | Villager (Male) |
| 25:04 | Crear | Villager (Male) |
| 25:19 | Construir | Castle |
| 25:25 | Crear | Archer |
| 25:26 | Crear | Archer |
| 25:26 | Crear | Archer |
| 25:26 | Crear | Archer |
| 25:26 | Crear | Archer |
| 25:32 | Crear | Villager (Male) |
| 25:32 | Crear | Villager (Male) |
| 25:33 | Crear | Villager (Male) |
| 25:54 | Crear | Villager (Male) |
| 26:11 | Construir | House |
| 26:23 | Crear | Villager (Male) |
| 26:42 | Construir | Town Center |
| 27:01 | Construir | Mining Camp |
| 27:04 | Crear | Villager (Male) |
| 27:16 | Crear | Archer |
| 27:16 | Crear | Archer |
| 27:16 | Crear | Archer |
| 27:16 | Crear | Archer |
| 27:16 | Crear | Archer |
| 27:16 | Crear | Archer |
| 27:16 | Crear | Archer |
| 27:16 | Crear | Archer |
| 27:16 | Crear | Archer |
| 27:30 | Crear | Archer |
| 27:30 | Crear | Archer |
| 27:30 | Crear | Archer |
| 27:35 | Crear | Villager (Male) |
| 27:35 | Crear | Villager (Male) |
| 28:07 | Crear | Villager (Male) |
| 28:25 | Crear | Archer |
| 28:25 | Crear | Archer |
| 28:26 | Crear | Archer |
| 28:26 | Crear | Archer |
| 28:26 | Crear | Archer |
| 28:29 | Crear | Villager (Male) |
| 29:06 | Investigar | Wheelbarrow |
| 29:20 | Crear | Archer |
| 29:20 | Crear | Archer |
| 29:21 | Crear | Archer |
| 29:21 | Crear | Archer |
| 29:21 | Crear | Archer |
Build order — qeoz7fukeg6
Primeras 150 de 373 acciones detectadas
| 1:38 | Construir | Town Center |
| 3:50 | Construir | House |
| 4:18 | Crear | Villager (Male) ×4 |
| 4:19 | Crear | Villager (Male) ×4 |
| 4:19 | Crear | Villager (Male) ×4 |
| 4:53 | Construir | House |
| 5:15 | Construir | Lumber Camp |
| 5:52 | Crear | Villager (Male) ×2 |
| 5:52 | Crear | Villager (Male) ×2 |
| 6:27 | Investigar | Loom |
| 6:55 | Crear | Villager (Male) |
| 6:56 | Crear | Villager (Male) |
| 6:56 | Crear | Villager (Male) |
| 6:56 | Crear | Villager (Male) |
| 7:49 | Crear | Villager (Male) |
| 7:49 | Crear | Villager (Male) |
| 7:49 | Crear | Villager (Male) |
| 7:49 | Crear | Villager (Male) |
| 8:10 | Construir | House |
| 8:48 | Construir | House |
| 9:23 | Construir | House |
| 9:31 | Crear | Villager (Male) ×5 |
| 9:32 | Crear | Villager (Male) ×5 |
| 9:32 | Crear | Villager (Male) ×5 |
| 10:17 | Construir | Mining Camp |
| 11:27 | Crear | Villager (Male) |
| 11:27 | Crear | Villager (Male) |
| 11:49 | Construir | Lumber Camp |
| 12:05 | Crear | Villager (Male) |
| 12:42 | Investigar | Feudal Age |
| 12:52 | Construir | Mill |
| 14:54 | Crear | Villager (Male) |
| 15:09 | Construir | Blacksmith |
| 15:16 | Construir | Market |
| 15:51 | Crear | Villager (Male) |
| 15:51 | Crear | Villager (Male) |
| 16:00 | Construir | Mill |
| 16:45 | Construir | House |
| 16:48 | Construir | House |
| 16:56 | Crear | Villager (Male) |
| 16:56 | Crear | Villager (Male) |
| 17:31 | Construir | House |
| 17:40 | Investigar | Castle Age |
| 18:07 | Investigar | Double-Bit Axe |
| 18:10 | Investigar | Horse Collar |
| 18:14 | Investigar | Stone Mining |
| 18:15 | Investigar | Gold Mining |
| 19:18 | Crear | Villager (Male) |
| 19:18 | Crear | Villager (Male) |
| 19:18 | Crear | Villager (Male) |
| 20:50 | Construir | Town Center |
| 21:00 | Construir | Barracks |
| 21:05 | Crear | Villager (Male) |
| 21:06 | Crear | Villager (Male) |
| 21:08 | Investigar | Bow Saw |
| 22:01 | Crear | Villager (Male) |
| 22:01 | Crear | Villager (Male) |
| 22:12 | Construir | Town Center |
| 22:35 | Construir | House |
| 22:57 | Crear | Villager (Male) |
| 22:57 | Crear | Villager (Male) |
| 23:28 | Crear | Villager (Male) |
| 23:28 | Crear | Villager (Male) |
| 23:33 | Crear | Villager (Male) |
| 23:34 | Crear | Villager (Male) |
| 23:38 | Crear | Villager (Male) |
| 23:38 | Crear | Villager (Male) |
| 23:59 | Construir | Stable |
| 24:06 | Crear | Villager (Male) |
| 24:07 | Crear | Villager (Male) |
| 24:12 | Crear | Villager (Male) |
| 24:35 | Construir | Mining Camp |
| 24:43 | Crear | Villager (Male) |
| 24:48 | Crear | Villager (Male) |
| 24:48 | Crear | Villager (Male) |
| 25:04 | Investigar | Cavalier (upgrade) |
| 25:04 | Investigar | Husbandry |
| 25:11 | Construir | Stable |
| 25:16 | Investigar | Scale Barding Armor |
| 25:17 | Investigar | Forging |
| 25:32 | Construir | Lumber Camp |
| 25:52 | Construir | Stable |
| 25:56 | Crear | Villager (Male) |
| 25:56 | Crear | Villager (Male) |
| 26:01 | Crear | Villager (Male) |
| 26:01 | Crear | Villager (Male) |
| 26:12 | Crear | Knight |
| 26:20 | Construir | Farm |
| 26:21 | Construir | Farm |
| 26:23 | Construir | Farm |
| 26:25 | Construir | Farm |
| 26:26 | Construir | Farm |
| 26:28 | Construir | Farm |
| 26:46 | Construir | Farm |
| 26:48 | Crear | Knight |
| 26:51 | Crear | Knight |
| 26:58 | Construir | Farm |
| 27:10 | Construir | Farm |
| 27:11 | Construir | Farm |
| 27:13 | Construir | Farm |
| 27:14 | Construir | Farm |
| 27:17 | Construir | Farm |
| 27:19 | Construir | Farm |
| 27:27 | Crear | Villager (Male) |
| 27:31 | Crear | Knight |
| 27:34 | Crear | Knight |
| 27:40 | Construir | Farm |
| 27:46 | Construir | Farm |
| 27:47 | Construir | Farm |
| 27:53 | Construir | Farm |
| 27:55 | Construir | Farm |
| 27:58 | Crear | Villager (Male) |
| 28:01 | Crear | Knight |
| 28:05 | Crear | Knight |
| 28:27 | Crear | Villager (Male) |
| 28:27 | Crear | Villager (Male) |
| 28:27 | Crear | Villager (Male) |
| 28:36 | Construir | House |
| 28:46 | Construir | Lumber Camp |
| 28:56 | Crear | Knight |
| 28:58 | Crear | Knight |
| 30:10 | Crear | Knight |
| 30:12 | Crear | Knight |
| 30:14 | Crear | Knight |
| 30:23 | Construir | Castle |
| 30:26 | Crear | Villager (Male) |
| 30:26 | Crear | Villager (Male) |
| 30:27 | Crear | Villager (Male) |
| 30:33 | Construir | House |
| 30:33 | Construir | House |
| 30:33 | Construir | House |
| 30:33 | Construir | House |
| 30:34 | Construir | House |
| 30:44 | Construir | Town Center |
| 30:51 | Construir | Lumber Camp |
| 31:06 | Construir | Farm |
| 31:09 | Construir | Farm |
| 31:10 | Construir | Farm |
| 31:10 | Construir | Farm |
| 31:11 | Construir | Farm |
| 31:17 | Construir | House |
| 31:17 | Construir | House |
| 31:18 | Construir | House |
| 31:18 | Construir | House |
| 31:18 | Construir | House |
| 31:36 | Crear | Villager (Male) |
| 31:36 | Investigar | Wheelbarrow |
| 31:37 | Crear | Villager (Male) |
| 31:37 | Crear | Villager (Male) |
| 31:38 | Crear | Villager (Male) |
Build order — KAIOSUSHIMASTER
Primeras 150 de 326 acciones detectadas
| 0:08 | Construir | Town Center |
| 2:18 | Crear | Villager (Male) |
| 2:19 | Crear | Villager (Male) |
| 2:19 | Crear | Villager (Male) |
| 2:19 | Crear | Villager (Male) |
| 2:20 | Crear | Villager (Male) |
| 2:26 | Construir | House |
| 3:32 | Construir | Lumber Camp |
| 3:34 | Crear | Villager (Male) |
| 4:16 | Crear | Villager (Male) |
| 4:16 | Crear | Villager (Male) |
| 4:39 | Construir | House |
| 5:06 | Crear | Villager (Male) |
| 5:06 | Crear | Villager (Male) |
| 5:34 | Investigar | Loom |
| 5:46 | Crear | Villager (Male) |
| 5:47 | Crear | Villager (Male) |
| 6:17 | Crear | Villager (Male) |
| 6:36 | Construir | Mill |
| 6:49 | Crear | Villager (Male) |
| 6:50 | Crear | Villager (Male) |
| 6:50 | Crear | Villager (Male) |
| 7:00 | Construir | House |
| 7:54 | Crear | Villager (Male) |
| 8:54 | Crear | Villager (Male) |
| 9:04 | Investigar | Feudal Age |
| 10:02 | Construir | House |
| 10:46 | Crear | Villager (Male) |
| 10:46 | Crear | Villager (Male) |
| 10:58 | Construir | Barracks |
| 11:45 | Crear | Villager (Male) |
| 12:27 | Crear | Villager (Male) |
| 12:30 | Investigar | Man-at-Arms (upgrade) |
| 12:41 | Construir | Mining Camp |
| 12:44 | Construir | House |
| 12:53 | Crear | Villager (Male) |
| 12:55 | Crear | Villager (Male) |
| 13:03 | Construir | House |
| 13:51 | Investigar | Arson |
| 13:53 | Crear | Villager (Male) |
| 14:04 | Crear | Villager (Male) |
| 14:04 | Crear | Villager (Male) |
| 14:13 | Crear | Militia |
| 14:13 | Crear | Militia |
| 14:14 | Crear | Militia |
| 14:22 | Crear | Militia |
| 14:50 | Construir | Mill |
| 14:53 | Crear | Militia |
| 14:53 | Crear | Militia |
| 14:53 | Crear | Militia |
| 14:53 | Crear | Militia |
| 14:56 | Crear | Villager (Male) |
| 15:05 | Construir | House |
| 15:14 | Crear | Militia |
| 15:14 | Crear | Militia |
| 15:27 | Crear | Villager (Male) |
| 15:39 | Crear | Militia |
| 15:39 | Crear | Militia |
| 15:52 | Investigar | Double-Bit Axe |
| 15:55 | Crear | Villager (Male) |
| 15:58 | Crear | Militia |
| 16:14 | Crear | Villager (Male) |
| 16:17 | Crear | Militia |
| 16:34 | Crear | Villager (Male) |
| 16:47 | Crear | Militia |
| 17:01 | Construir | House |
| 17:22 | Crear | Villager (Male) |
| 17:30 | Construir | Mill |
| 17:45 | Crear | Militia |
| 17:47 | Crear | Villager (Male) |
| 18:02 | Construir | House |
| 18:04 | Construir | House |
| 18:07 | Crear | Villager (Male) |
| 18:50 | Crear | Villager (Male) |
| 19:13 | Crear | Militia |
| 19:13 | Crear | Militia |
| 19:16 | Crear | Villager (Male) |
| 19:36 | Crear | Villager (Male) |
| 20:07 | Crear | Villager (Male) |
| 20:18 | Construir | Blacksmith |
| 20:23 | Crear | Militia |
| 20:23 | Crear | Militia |
| 20:23 | Crear | Militia |
| 20:24 | Crear | Militia |
| 20:31 | Crear | Villager (Male) |
| 20:41 | Construir | House |
| 21:01 | Crear | Villager (Male) |
| 21:10 | Investigar | Scale Mail Armor |
| 21:11 | Investigar | Forging |
| 21:15 | Crear | Villager (Male) |
| 21:44 | Crear | Villager (Male) |
| 21:46 | Crear | Militia |
| 21:46 | Crear | Militia |
| 21:47 | Crear | Militia |
| 21:49 | Crear | Militia |
| 22:01 | Construir | Market |
| 22:16 | Crear | Militia |
| 22:23 | Crear | Villager (Male) |
| 22:39 | Investigar | Castle Age |
| 23:14 | Construir | Lumber Camp |
| 23:24 | Crear | Militia |
| 23:24 | Crear | Militia |
| 23:25 | Crear | Militia |
| 24:17 | Crear | Militia |
| 24:17 | Crear | Militia |
| 24:19 | Crear | Militia |
| 24:48 | Construir | Stable |
| 24:50 | Construir | House |
| 24:59 | Crear | Militia |
| 25:15 | Investigar | Gold Mining |
| 25:35 | Investigar | Chain Mail Armor |
| 25:36 | Investigar | Iron Casting |
| 25:40 | Investigar | Long Swordsman (upgrade) |
| 25:44 | Investigar | Squires |
| 25:47 | Crear | Unit 1974 |
| 25:48 | Crear | Unit 1974 |
| 26:01 | Crear | Villager (Male) |
| 26:02 | Crear | Villager (Male) |
| 26:02 | Crear | Villager (Male) |
| 26:04 | Crear | Villager (Male) |
| 26:18 | Crear | Unit 1944 |
| 26:18 | Crear | Unit 1944 |
| 26:18 | Crear | Unit 1944 |
| 26:18 | Crear | Unit 1944 |
| 26:31 | Construir | Barracks |
| 26:34 | Construir | Barracks |
| 26:37 | Construir | House |
| 26:38 | Construir | House |
| 26:41 | Crear | Unit 1974 |
| 26:42 | Crear | Unit 1974 |
| 27:18 | Crear | Unit 1944 |
| 27:24 | Construir | House |
| 27:29 | Construir | Mining Camp |
| 27:36 | Crear | Villager (Male) |
| 27:42 | Crear | Unit 1974 |
| 27:42 | Crear | Unit 1974 |
| 27:49 | Crear | Militia |
| 27:54 | Crear | Villager (Male) |
| 28:01 | Investigar | Gold Shaft Mining |
| 28:24 | Crear | Militia ×9 |
| 28:45 | Construir | Mill |
| 29:02 | Crear | Unit 1974 ×2 |
| 29:24 | Crear | Villager (Male) |
| 29:45 | Construir | Mining Camp |
| 30:00 | Crear | Villager (Male) |
| 30:01 | Crear | Villager (Male) |
| 30:04 | Crear | Militia ×4 |
| 30:31 | Construir | House |
| 30:37 | Construir | House |
| 30:38 | Construir | House |
Build order — 人在江湖
Primeras 150 de 415 acciones detectadas
| 0:18 | Construir | Town Center |
| 0:41 | Construir | Lumber Camp |
| 0:42 | Construir | House |
| 0:44 | Construir | Palisade Wall |
| 2:20 | Crear | Villager (Male) |
| 2:21 | Crear | Villager (Male) |
| 2:21 | Crear | Villager (Male) |
| 2:21 | Crear | Villager (Male) |
| 2:21 | Crear | Villager (Male) |
| 2:22 | Crear | Villager (Male) |
| 2:24 | Investigar | Loom |
| 4:15 | Crear | Villager (Male) |
| 4:15 | Crear | Villager (Male) |
| 4:34 | Construir | House |
| 4:47 | Crear | Villager (Male) |
| 4:47 | Crear | Villager (Male) |
| 4:48 | Crear | Villager (Male) |
| 4:48 | Crear | Villager (Male) |
| 5:05 | Crear | Villager (Male) |
| 5:05 | Crear | Villager (Male) |
| 5:29 | Crear | Villager (Male) |
| 5:29 | Crear | Villager (Male) |
| 5:39 | Construir | House |
| 5:59 | Construir | Lumber Camp |
| 6:08 | Crear | Villager (Male) |
| 6:08 | Crear | Villager (Male) |
| 6:09 | Crear | Villager (Male) |
| 6:09 | Crear | Villager (Male) |
| 6:19 | Construir | Lumber Camp |
| 6:20 | Crear | Villager (Male) |
| 6:20 | Crear | Villager (Male) |
| 6:20 | Crear | Villager (Male) |
| 6:50 | Crear | Villager (Male) |
| 6:51 | Crear | Villager (Male) |
| 6:51 | Crear | Villager (Male) |
| 7:13 | Construir | House |
| 7:52 | Crear | Villager (Male) |
| 8:11 | Crear | Villager (Male) |
| 8:40 | Construir | House |
| 8:46 | Crear | Villager (Male) |
| 8:56 | Construir | House |
| 9:25 | Crear | Villager (Male) |
| 9:45 | Construir | House |
| 9:51 | Crear | Villager (Male) |
| 10:05 | Construir | Mill |
| 10:09 | Crear | Villager (Male) |
| 10:20 | Construir | Palisade Wall |
| 10:40 | Crear | Villager (Male) |
| 10:47 | Investigar | Feudal Age |
| 11:00 | Construir | Mining Camp |
| 12:34 | Construir | Mill |
| 12:39 | Crear | Villager (Male) |
| 12:55 | Construir | Mill |
| 13:09 | Crear | Villager (Male) |
| 13:24 | Construir | Market |
| 13:40 | Crear | Villager (Male) |
| 14:29 | Construir | Blacksmith |
| 14:46 | Crear | Villager (Male) |
| 14:53 | Crear | Villager (Male) |
| 15:08 | Investigar | Castle Age |
| 15:08 | Investigar | Castle Age |
| 15:39 | Construir | House |
| 16:08 | Construir | House |
| 16:11 | Construir | Palisade Wall |
| 16:12 | Construir | Palisade Wall |
| 16:18 | Construir | House |
| 16:23 | Investigar | Double-Bit Axe |
| 16:26 | Investigar | Stone Mining |
| 16:49 | Construir | House |
| 17:17 | Crear | Villager (Male) |
| 17:49 | Crear | Villager (Male) |
| 18:15 | Crear | Villager (Male) |
| 18:18 | Construir | Town Center |
| 18:21 | Crear | Villager (Male) |
| 18:33 | Crear | Villager (Male) |
| 18:59 | Construir | Siege Workshop |
| 19:18 | Construir | Siege Workshop |
| 19:43 | Crear | Scorpion |
| 19:44 | Crear | Scorpion |
| 19:54 | Crear | Villager (Male) |
| 20:40 | Construir | Town Center |
| 21:29 | Crear | Villager (Male) |
| 21:38 | Crear | Villager (Male) |
| 21:53 | Construir | Mill |
| 21:59 | Crear | Villager (Male) |
| 22:04 | Construir | Town Center |
| 22:06 | Crear | Villager (Male) |
| 22:11 | Construir | Farm |
| 22:13 | Construir | Farm |
| 22:15 | Construir | Farm |
| 22:18 | Construir | Farm |
| 22:19 | Crear | Villager (Male) |
| 22:21 | Crear | Villager (Male) ×2 |
| 22:40 | Construir | Farm |
| 22:48 | Construir | House |
| 23:16 | Crear | Villager (Male) |
| 23:21 | Construir | Farm |
| 23:23 | Construir | Farm |
| 23:28 | Construir | Farm |
| 23:34 | Construir | House |
| 23:46 | Investigar | Horse Collar |
| 23:47 | Crear | Villager (Male) |
| 24:04 | Crear | Villager (Male) |
| 24:05 | Crear | Villager (Male) ×2 |
| 24:09 | Construir | House |
| 24:19 | Construir | Outpost |
| 24:21 | Crear | Villager (Male) |
| 24:27 | Construir | Mill |
| 24:28 | Construir | Farm |
| 24:30 | Construir | Farm |
| 24:32 | Construir | Farm |
| 24:34 | Construir | Farm |
| 24:39 | Crear | Villager (Male) |
| 24:41 | Crear | Villager (Male) |
| 24:51 | Construir | Town Center |
| 24:59 | Construir | Outpost |
| 25:03 | Crear | Villager (Male) |
| 25:12 | Construir | Mill |
| 25:27 | Crear | Villager (Male) |
| 25:29 | Crear | Villager (Male) ×5 |
| 25:43 | Crear | Villager (Male) |
| 25:59 | Construir | Barracks |
| 26:21 | Crear | Villager (Male) |
| 26:33 | Crear | Villager (Male) |
| 26:41 | Crear | Spearman |
| 26:41 | Crear | Spearman |
| 26:53 | Crear | Villager (Male) |
| 27:02 | Crear | Spearman |
| 27:09 | Construir | House |
| 27:14 | Construir | Barracks |
| 27:18 | Investigar | Pikeman (upgrade) |
| 27:18 | Investigar | Squires |
| 27:20 | Investigar | Scale Mail Armor |
| 27:21 | Investigar | Scale Mail Armor |
| 27:27 | Crear | Villager (Male) |
| 27:36 | Construir | Castle |
| 27:43 | Crear | Villager (Male) |
| 27:48 | Crear | Villager (Male) |
| 28:06 | Crear | Spearman |
| 28:22 | Crear | Spearman |
| 28:35 | Crear | Spearman |
| 28:38 | Construir | Barracks |
| 28:51 | Construir | Castle |
| 28:59 | Crear | Villager (Male) |
| 29:00 | Crear | Villager (Male) |
| 29:02 | Construir | Farm |
| 29:04 | Construir | Farm |
| 29:11 | Crear | Mangonel |
| 29:31 | Crear | Spearman |
| 29:39 | Crear | Spearman |
Build order — KronosX6104
Primeras 150 de 395 acciones detectadas
| 0:35 | Construir | Town Center |
| 2:25 | Construir | Town Center |
| 4:19 | Crear | Villager (Male) |
| 4:19 | Crear | Villager (Male) |
| 4:19 | Crear | Villager (Male) |
| 4:19 | Crear | Villager (Male) |
| 4:20 | Crear | Villager (Male) |
| 4:28 | Construir | House |
| 4:31 | Construir | House |
| 5:56 | Crear | Villager (Male) |
| 5:56 | Crear | Villager (Male) |
| 6:30 | Crear | Villager (Male) |
| 6:30 | Crear | Villager (Male) |
| 6:30 | Crear | Villager (Male) |
| 6:31 | Crear | Villager (Male) |
| 6:33 | Crear | Villager (Male) |
| 7:16 | Crear | Villager (Male) |
| 7:16 | Crear | Villager (Male) |
| 7:17 | Crear | Villager (Male) |
| 7:18 | Crear | Villager (Male) |
| 7:19 | Crear | Villager (Male) |
| 8:02 | Construir | Lumber Camp |
| 8:11 | Crear | Villager (Male) |
| 8:11 | Crear | Villager (Male) |
| 8:28 | Investigar | Loom |
| 8:31 | Crear | Villager (Male) |
| 9:03 | Crear | Villager (Male) |
| 9:39 | Crear | Villager (Male) |
| 9:40 | Crear | Villager (Male) |
| 9:51 | Construir | House |
| 9:52 | Construir | House |
| 10:38 | Construir | Palisade Gate |
| 10:45 | Crear | Villager (Male) |
| 11:03 | Construir | Mill |
| 11:43 | Construir | Mill |
| 11:55 | Crear | Villager (Male) |
| 11:56 | Crear | Villager (Male) |
| 12:37 | Crear | Villager (Male) |
| 13:29 | Crear | Villager (Male) |
| 13:33 | Investigar | Feudal Age |
| 13:46 | Crear | Villager (Male) |
| 14:48 | Construir | Barracks |
| 15:00 | Construir | Palisade Wall |
| 15:06 | Crear | Villager (Male) |
| 16:03 | Construir | Stable |
| 16:06 | Construir | Stable |
| 16:24 | Crear | Villager (Male) |
| 16:35 | Crear | Villager (Male) |
| 16:44 | Construir | House |
| 16:46 | Construir | House |
| 16:48 | Construir | House |
| 16:59 | Crear | Villager (Male) |
| 17:20 | Crear | Villager (Male) |
| 18:03 | Construir | Palisade Wall |
| 18:23 | Crear | Villager (Male) |
| 19:06 | Crear | Villager (Male) |
| 19:07 | Crear | Villager (Male) |
| 19:19 | Construir | Blacksmith |
| 19:27 | Crear | Villager (Male) |
| 20:10 | Investigar | Castle Age |
| 20:26 | Investigar | Forging |
| 20:27 | Investigar | Scale Barding Armor |
| 20:36 | Construir | Palisade Wall |
| 20:51 | Crear | Villager (Male) |
| 20:52 | Crear | Villager (Male) |
| 21:24 | Construir | Palisade Wall |
| 21:50 | Investigar | Double-Bit Axe |
| 22:39 | Construir | Mill |
| 23:03 | Crear | Knight ×5 |
| 23:07 | Investigar | Husbandry |
| 23:14 | Crear | Villager (Male) |
| 23:24 | Construir | Farm |
| 23:24 | Construir | Farm |
| 23:41 | Crear | Knight |
| 23:57 | Crear | Knight |
| 24:12 | Construir | Farm |
| 24:14 | Construir | Farm |
| 24:14 | Construir | Farm |
| 24:15 | Construir | Farm |
| 24:24 | Crear | Villager (Male) |
| 24:24 | Crear | Villager (Male) |
| 24:45 | Construir | House |
| 24:46 | Construir | House |
| 24:49 | Crear | Villager (Male) |
| 24:53 | Crear | Knight |
| 25:41 | Crear | Knight ×2 |
| 26:51 | Crear | Knight |
| 27:33 | Construir | Market |
| 28:51 | Investigar | Iron Casting |
| 29:01 | Investigar | Chain Barding Armor |
| 29:06 | Crear | Knight ×2 |
| 29:06 | Crear | Knight ×2 |
| 29:28 | Construir | Town Center |
| 29:52 | Construir | Farm |
| 29:52 | Construir | Farm |
| 29:52 | Construir | Farm |
| 29:53 | Construir | Farm |
| 29:53 | Construir | Farm |
| 29:53 | Construir | Farm |
| 29:54 | Construir | Farm |
| 29:54 | Construir | Farm |
| 29:54 | Construir | Farm |
| 29:57 | Crear | Villager (Male) |
| 29:58 | Crear | Villager (Male) |
| 29:58 | Crear | Villager (Male) |
| 29:59 | Crear | Villager (Male) |
| 30:52 | Crear | Villager (Male) |
| 30:57 | Crear | Villager (Male) |
| 30:57 | Crear | Villager (Male) |
| 30:57 | Crear | Villager (Male) |
| 31:24 | Construir | Town Center |
| 31:57 | Crear | Villager (Male) ×4 |
| 33:46 | Crear | Villager (Male) ×5 |
| 33:47 | Crear | Villager (Male) ×5 |
| 34:46 | Construir | House |
| 34:47 | Construir | House |
| 34:47 | Construir | House |
| 34:47 | Construir | House |
| 34:47 | Construir | House |
| 34:48 | Construir | House |
| 34:48 | Construir | House |
| 34:48 | Construir | House |
| 34:48 | Construir | House |
| 34:49 | Construir | House |
| 34:49 | Construir | House |
| 34:58 | Crear | Villager (Male) ×5 |
| 35:31 | Crear | Knight ×5 |
| 35:31 | Crear | Knight ×5 |
| 35:58 | Crear | Knight |
| 36:15 | Construir | House |
| 36:41 | Crear | Knight ×4 |
| 36:49 | Construir | Palisade Wall |
| 37:03 | Crear | Knight ×2 |
| 37:17 | Crear | Villager (Male) |
| 37:17 | Crear | Villager (Male) |
| 37:26 | Crear | Villager (Male) |
| 37:26 | Crear | Villager (Male) |
| 37:34 | Construir | House |
| 37:34 | Construir | House |
| 37:35 | Construir | House |
| 37:35 | Construir | House |
| 37:37 | Construir | House |
| 37:37 | Construir | House |
| 37:37 | Construir | House |
| 37:37 | Construir | House |
| 37:37 | Construir | House |
| 37:37 | Construir | House |
| 37:39 | Construir | House |
| 38:50 | Construir | Farm |
| 38:50 | Construir | Farm |
Cronología de la partida
| 0:44 | 人在江湖 · wall_segment Palisade Wall x1 |
| 2:14 | Jokerface · wall_segment Palisade Wall x1 |
| 2:16 | Jokerface · wall_segment Palisade Wall x1 |
| 2:19 | Jokerface · wall_segment Palisade Wall x1 |
| 2:21 | Jokerface · wall_segment Palisade Wall x1 |
| 9:04 | Jokerface · wall_segment Palisade Wall x1 |
| 9:05 | Jokerface · wall_segment Palisade Wall x1 |
| 10:20 | 人在江湖 · wall_segment Palisade Wall x1 |
| 10:26 | BigBæng · first_building Barracks |
| 10:58 | KAIOSUSHIMASTER · first_building Barracks |
| 11:11 | Jokerface · first_building Barracks |
| 12:23 | moramora48 · first_building Barracks |
| 13:35 | moramora48 · first_building Archery Range |
| 13:39 | Razgado12 · first_building Barracks |
| 14:47 | moramora48 · wall_segment Palisade Wall x4 |
| 14:48 | KronosX6104 · first_building Barracks |
| 14:56 | moramora48 · wall_segment Palisade Wall x5 |
| 15:00 | KronosX6104 · wall_segment Palisade Wall x8 |
| 15:16 | Razgado12 · first_building Archery Range |
| 15:57 | Jokerface · first_building Archery Range |
| 16:03 | KronosX6104 · first_building Stable |
| 16:11 | 人在江湖 · wall_segment Palisade Wall x1 |
| 16:12 | 人在江湖 · wall_segment Palisade Wall x1 |
| 17:27 | BigBæng · first_building Stable |
| 17:51 | BigBæng · first_building Monastery |
| 18:03 | KronosX6104 · wall_segment Palisade Wall x7 |
| 18:59 | 人在江湖 · first_building Siege Workshop |
| 20:04 | 人在江湖 · first_market_buy 100 wood |
| 20:07 | 人在江湖 · first_market_sell 100 food |
| 20:36 | KronosX6104 · wall_segment Palisade Wall x26 |
| 21:00 | qeoz7fukeg6 · first_building Barracks |
| 21:24 | KronosX6104 · wall_segment Palisade Wall x18 |
| 23:59 | qeoz7fukeg6 · first_building Stable |
| 24:08 | moramora48 · first_market_buy 100 food |
| 24:09 | moramora48 · first_market_sell 100 wood |
| 24:48 | KAIOSUSHIMASTER · first_building Stable |
| 25:18 | Razgado12 · first_building Castle |
| 25:19 | moramora48 · first_building Castle |
| 25:19 | KAIOSUSHIMASTER · first_market_sell 100 stone |
| 25:59 | 人在江湖 · first_building Barracks |
| 27:36 | 人在江湖 · first_building Castle |
| 28:45 | KronosX6104 · first_market_sell 100 food |
| 28:55 | BigBæng · first_building Castle |
| 29:58 | KAIOSUSHIMASTER · first_market_buy 100 food |
| 30:23 | qeoz7fukeg6 · first_building Castle |
| 31:05 | KronosX6104 · first_market_buy 100 stone |
| 31:10 | 人在江湖 · first_building Stable |
| 31:40 | BigBæng · first_building Archery Range |
| 32:54 | 人在江湖 · wall_segment Stone Wall x1 |
| 33:17 | 人在江湖 · wall_segment Stone Wall x1 |
| 33:36 | BigBæng · first_market_sell 100 wood |
| 33:54 | qeoz7fukeg6 · first_building Archery Range |
| 35:00 | qeoz7fukeg6 · first_building Monastery |
| 36:14 | qeoz7fukeg6 · first_market_buy 100 stone |
| 36:49 | KronosX6104 · wall_segment Palisade Wall x4 |
| 38:14 | 人在江湖 · wall_segment Stone Wall x1 |
| 39:59 | qeoz7fukeg6 · first_building Siege Workshop |
| 44:14 | KronosX6104 · first_building Castle |
| 45:30 | 人在江湖 · wall_segment Stone Wall x5 |
| 45:31 | 人在江湖 · wall_segment Stone Wall x1 |
| 46:23 | 人在江湖 · wall_segment Stone Wall x7 |
| 48:06 | Jokerface · first_building Castle |
| 50:29 | Jokerface · first_market_sell 100 food |
| 50:55 | KAIOSUSHIMASTER · resign |
[ ANÁLISIS IA · 1 CRÉDITO ]
¿Qué pasó realmente en esta partida?
Wolo.gg analiza cada decisión: build order, eco, micro, errores típicos por bracket. Análisis personalizado por WhatsApp o Discord en 30 segundos.
Guía civ
Portugueses
Guía mapa
African Clearing
Perfil
Jugador #428877